 Dungeon Crawl Stone Soup version 0.22-a0-348-gd16d139 (webtiles) character file.

7968 Amnesiac the Destroyer (level 11, -1/75 HPs)
             Began as a Mummy Ice Elementalist on Apr 11, 2018.
             Was a High Priest of Sif Muna.
             Slain by an orc knight
             ... wielding a +0 war axe
              (23 damage)
             ... in a bailey.
             The game lasted 00:19:24 (10555 turns).

Amnesiac the Destroyer (Mummy Ice Elementalist)    Turns: 10555, Time: 00:19:25

Health: -1/75      AC:  6    Str: 11    XL:     11   Next: 3%
Magic:  0/23       EV: 14    Int: 18    God:    Sif Muna [*****.]
Gold:   652        SH:  0    Dex: 15    Spells: 8/26 levels left

rFire    x . .     SeeInvis .   a - staff of cold
rCold    + + +     Gourm    .   (no shield)
rNeg     + + +     Faith    .   t - +0 robe
rPois    ∞         Spirit   +   (no helmet)
rElec    .         Reflect  .   e - +1 cloak
rCorr    .         Harm     .   A - +0 pair of gloves
MR       +....                  v - +0 pair of boots
Stlth    ++........             r - amulet of guardian spirit
HPRegen  0.22/turn              g - +2 ring of dexterity
MPRegen  0.18/turn              p - ring of protection from cold

@: no casting
A: no food or potions, fire vulnerability, cold resistance 1, negative energy
resistance 3, torment resistance, unbreathing
a: Stop Divine Energy, Channel Magic, Forget Spell, Renounce Religion


You were in a bailey.
You worshipped Sif Muna.
Sif Muna was extremely pleased with you.
You were not hungry.

You visited 2 branches of the dungeon, and saw 13 of its levels.
You also visited: Bailey.

You collected 652 gold pieces.

Inventory:

Hand Weapons
 b - a +3 hunting sling of flaming
 y - the +0 dagger "Heqit" {protect, rF+}
   (You found it on level 10 of the Dungeon)

   It protects the one who uses it against injury (+AC on strike).
   It protects you from fire.
Missiles
 k - 19 poisoned needles
 m - 288 stones (quivered)
 s - 10 sling bullets
Armour
 e - a +1 cloak (worn)
 t - a +0 robe (worn)
 v - a +0 pair of boots (worn)
 A - a +0 pair of gloves (worn)
Magical Staves
 a - an uncursed staff of cold (weapon)
 o - an uncursed staff of air
Jewellery
 g - a +2 ring of dexterity (left hand)
 i - an uncursed ring of resist corrosion
 p - a ring of protection from cold (right hand)
 r - an amulet of guardian spirit (around neck)
Wands
 c - a wand of iceblast (7)
 h - a wand of digging (32)
 q - a wand of disintegration (7)
 x - a wand of acid (19)
Scrolls
 d - 7 scrolls of identify {!r}
 f - 4 scrolls of remove curse {!r}
 j - 3 scrolls of blinking {!r}
 l - 3 scrolls of amnesia {!r}
 n - 6 scrolls of teleportation {!r}
 u - a scroll of vulnerability {!r}
 w - a scroll of fear {!r}
 B - 2 scrolls of enchant armour {!r}


   Skills:
 - Level 3.0 Fighting
 - Level 4.0 Dodging
 - Level 1.5 Stealth
 - Level 8.2 Spellcasting
 - Level 8.4 Conjurations
 - Level 8.2 Ice Magic
 + Level 5.1 Invocations


You had 8 spell levels left.
You knew the following spells:

 Your Spells              Type           Power        Failure   Level  Hunger
a - Throw Icicle          Conj/Ice       ######..     3%          4    N/A
b - Ozocubu's Armour      Chrm/Ice       ####....     5%          3    N/A
c - Summon Ice Beast      Ice/Summ       ####....     17%         4    N/A
d - Freeze                Ice            ####         1%          1    N/A
e - Passage of Golubria   Tloc           N/A          67%         4    N/A
v - Blink                 Tloc           N/A          14%         2    N/A

Dungeon Overview and Level Annotations

Branches:
Dungeon (12/15)            Temple (1/1) D:4            Lair (0/6) D:9
    Orc (0/2) D:11

Altars:
Ashenzari
Cheibriados
Dithmenos
Elyvilon
Fedhas
Gozag
Hepliaklqana
Kikubaaqudgha
Makhleb
Nemelex Xobeh
Okawaru
Qazlal
Ru
Sif Muna
Trog
Uskayaw
Vehumet
Wu Jian
Xom
Yredelemnul
Zin
The Shining One

Annotations:
D:11 Harold


Innate Abilities, Weirdness & Mutations

You do not eat or drink.
Your flesh is vulnerable to fire.
You are immune to poison.
Your flesh is cold resistant. (rC+)
You are immune to negative energy. (rN+++)
You are immune to unholy pain and torment.
You can survive without breathing.


Message History

Things that are here:
a hand axe; a leather armour You regain access to your magic.
Casting: Throw Icicle (safe; 3% risk of failure)
Confirm with . or Enter, or press ? or * to list all spells.
You miscast Blink.
Sif Muna protects you from the effects of your miscast!
The orc knight hits you with a war axe!
* * * LOW HITPOINT WARNING * * *
The goblin barely misses you.
Casting: Blink (safe; 14% risk of failure)
Confirm with . or Enter, or press ? or * to list all spells.
You blink.
Sif Muna grants you divine energy.
You briefly lose access to your magic!
Your magical contamination has completely faded away.
The goblin barely misses you. The orc knight hits you with a war axe!
* * * LOW HITPOINT WARNING * * *
You regain access to your magic.
There is an open gate here.
Things that are here:
a hand axe; a leather armour An orc comes into view.
It is wielding a hand axe.
The orc moves out of view.
The orc shouts!
Items here: )) [[ † an enchanted hand axe; a ring mail; a war axe; a leather armour; an orc corpse The orc knight roars a battlecry!
The orc goes into a battle-frenzy!
There is an open door here.
Things that are here:
a hand axe; a leather armour; a goblin skeleton The orc hits you but does no damage.
The orc closely misses you.
Casting: Blink (safe; 14% risk of failure)
Confirm with . or Enter, or press ? or * to list all spells.
Aiming: Throw Icicle (safe; 3% risk of failure)
Press: ? - help, Shift-Dir - straight line, f - goblin
Aim: a goblin, wielding a hand axe and wearing a leather armour
Okay, then.
Things that are here:
a hand axe; a leather armour
Casting: Throw Icicle (safe; 3% risk of failure)
Confirm with . or Enter, or press ? or * to list all spells.
Aiming: Throw Icicle (safe; 3% risk of failure)
Press: ? - help, Shift-Dir - straight line, f - orc knight
Aim: an orc knight, wielding a war axe and wearing a plate armour You feel a surge of power!
The shard of ice hits the goblin.
You kill the goblin!
Sif Muna accepts your kill. Sif Muna grants you divine energy.
You briefly lose access to your magic!
The orc misses you.
Unknown command.
You regain access to your magic.
Casting: Throw Icicle (safe; 3% risk of failure)
Confirm with . or Enter, or press ? or * to list all spells.
Aiming: Throw Icicle (safe; 3% risk of failure)
Press: ? - help, Shift-Dir - straight line, f/p - orc knight
Aim: an orc knight, wielding a war axe and wearing a plate armour You feel a surge of power!
The shard of ice misses the orc knight.
Sif Muna grants you divine energy.
You briefly lose access to your magic!
The orc knight hits you with a war axe!!
You die...

### ### ###.### ###.###
###.....### ###.....##
##....@....###.........
#....oo.....#..........
#..........)).)........
#..)..⌠.....#.....⌠....
#..)........#.)........
#.....).....#..........
♣♣
###.).......###.........
.♣♣♣ ###.#)#.....###
###.....#)
...♣♣###.....###.###
###.###


You could see an orc knight and an orc.

Vanquished Creatures
  A hydra (D:9)
  An unseen horror (D:11)
  Pikel (D:5)
  Maurice (D:8)
  Psyche (D:8)
  A gargoyle (D:12)
  A merfolk (D:9)
  A troll (D:9)
  Prince Ribbit (D:6)
  A hippogriff (D:7)
  Sigmund (D:3)
  A vampire (D:9)
  A wyvern (D:11)
  A hungry ghost (D:7)
  The ghost of Amnesiac the Conjurer, an amateur DECj (D:3)
  2 porcupines (D:9)
  3 ice beasts
  5 orc warriors
  A phantom (D:8)
  2 necrophages
  4 ogres
  6 centaurs
  2 crocodiles (D:9)
  5 bullfrogs
  A big kobold (D:7)
  A scorpion (D:8)
  5 killer bees (D:8)
  2 howler monkeys
  4 crimson imps
  2 jellies (D:8)
  3 orc priests
  3 orc wizards
  6 hounds
  Jessica (D:2)
  8 worker ants
  3 hound skeletons
  A hound zombie (D:7)
  A worker ant zombie (D:8)
  6 gnolls (Bailey)
  11 adders
  A shadow imp (D:7)
  2 oozes
  3 adder zombies
  2 worms
  A dart slug (D:5)
  7 leopard geckos
  34 orcs
  4 giant cockroaches
  17 goblins
  14 hobgoblins
  7 jackals
  12 kobolds
  4 quokkas
  3 ball pythons
  5 bats
  6 frilled lizards
  A jackal skeleton (D:5)
  A quokka skeleton (D:7)
  2 rats
229 creatures vanquished.

Vanquished Creatures (others)
  A slave (D:7)
  A centaur (D:7)
  A scorpion (D:7)
  A hound (D:7)
  An adder (D:6)
  A quokka (D:7)
  3 fungi (D:9)
9 creatures vanquished.

Grand Total: 238 creatures vanquished

Notes
Turn   | Place    | Note
-------+----------+-------------------------------------------
     0 | D:1      | Amnesiac the Mummy Ice Elementalist began the quest for the Orb.
     0 | D:1      | Reached XP level 1. HP: 13/13 MP: 4/4
   142 | D:1      | Reached XP level 2. HP: 19/19 MP: 3/5
   806 | D:2      | Found a snail-covered altar of Cheibriados.
   836 | D:2      | Reached XP level 3. HP: 19/24 MP: 0/8
   907 | D:1      | Learned a level 3 spell: Ozocubu's Armour
  1082 | D:2      | Noticed Jessica
  1309 | D:2      | Killed Jessica
  1309 | D:2      | Reached XP level 4. HP: 13/30 MP: 2/10
  1604 | D:2      | Reached skill level 5 in Spellcasting
  1987 | D:3      | Noticed Amnesiac's ghost (amateur DECj)
  2002 | D:3      | Killed Amnesiac's ghost
  2002 | D:3      | Reached XP level 5. HP: 7/38 MP: 4/12
  2208 | D:3      | Learned a level 4 spell: Summon Ice Beast
  2213 | D:3      | Learned a level 4 spell: Throw Icicle
  2438 | D:3      | Noticed Sigmund
  2857 | D:3      | Killed Sigmund
  2857 | D:3      | Reached XP level 6. HP: 41/46 MP: 13/13
  2942 | D:4      | Learned a level 1 spell: Freeze
  3048 | D:4      | Found a staircase to the Ecumenical Temple.
  3064 | Temple   | Entered the Ecumenical Temple
  3289 | Temple   | Became a worshipper of Sif Muna the Loreminder
  3436 | D:4      | Found a white marble altar of Elyvilon.
  3437 | D:4      | Found an ancient bone altar of Kikubaaqudgha.
  3665 | D:3      | Reached XP level 7. HP: 52/52 MP: 9/14
  4000 | D:4      | Found an iron altar of Okawaru.
  4263 | D:4      | Found a sacrificial altar of Ru.
  4429 | D:4      | Reached skill level 5 in Ice Magic
  4703 | D:5      | Entered Level 5 of the Dungeon
  4751 | D:5      | Reached * piety under Sif Muna
  4846 | D:5      | Reached XP level 8. HP: 43/58 MP: 14/16
  5180 | D:6      | Noticed Pikel
  5199 | D:5      | Killed Pikel
  5253 | D:6      | Reached ** piety under Sif Muna
  5664 | D:6      | Noticed Prince Ribbit
  5676 | D:6      | Killed Prince Ribbit
  5676 | D:6      | Reached XP level 9. HP: 55/63 MP: 15/20
  5713 | D:6      | Found a shimmering altar of Xom.
  5714 | D:6      | Found a shimmering altar of Xom.
  5714 | D:6      | Found a shimmering altar of Xom.
  5715 | D:6      | Found a shimmering altar of Xom.
  6157 | D:7      | Reached *** piety under Sif Muna
  6765 | D:8      | Noticed Maurice
  7032 | D:8      | Identified a scroll of acquirement {!r}
  7185 | D:8      | Reached skill level 5 in Conjurations
  7191 | D:8      | Killed Maurice
  7191 | D:8      | Reached **** piety under Sif Muna
  7337 | D:8      | Found an opulent altar of Gozag.
  7625 | D:8      | Noticed Psyche
  8332 | D:8      | Killed Psyche
  8332 | D:8      | Reached XP level 10. HP: 69/70 MP: 9/22
  8392 | D:9      | Found a shattered altar of Ashenzari.
  8693 | D:9      | Noticed a four-headed hydra
  8699 | D:9      | Killed a four-headed hydra
  8891 | D:9      | Reached ***** piety under Sif Muna
  8900 | D:9      | Found a staircase to the Lair.
  9044 | D:9      | Received a gift from Sif Muna
  9049 | D:9      | Learned a level 2 spell: Blink
  9054 | D:9      | Learned a level 4 spell: Passage of Golubria
  9098 | D:10     | Entered Level 10 of the Dungeon
  9126 | D:9      | Reached skill level 1 in Invocations
  9179 | D:10     | Got a bloodstained dagger
  9615 | D:12     | Noticed a gargoyle
  9619 | D:12     | Killed a gargoyle
  9887 | D:11     | Killed an unseen horror
  9891 | D:11     | Noticed a manticore
  9937 | D:11     | Noticed Harold
  9988 | D:11     | Found a flagged portal.
 10024 | Bailey   | Entered a bailey
 10037 | Bailey   | Reached XP level 11. HP: 75/75 MP: 14/23
 10187 | Bailey   | Identified the cursed +0 dagger "Heqit" {protect, rF+} (You found it on level 10 of the Dungeon)
 10367 | Bailey   | Reached skill level 5 in Invocations
 10433 | Bailey   | Noticed an orc knight
 10440 | Bailey   | Noticed an orc knight
 10555 | Bailey   | Slain by an orc knight

Vault maps used:
D:1:      lordsloth_arrival_two_stooges
D:2:      first_ration, cheibriados_altar_1, uniq_jessica
D:3:      uniq_sigmund
D:4:      lemuel_crystal_altar, gammafunk_temple_overflow_statue,
          kennysheep_mini_moat, minmay_temple_entry_statues
D:6:      xom_redecorated, minmay_misc_feat_chi, uniq_pikel, uniq_prince_ribbit1
D:8:      nicolae_gozag_cash_rules_everything_around_me, serial_corexii_hall,
          corexii_hall_statues_l, corexii_hall_statues_l, uniq_maurice,
          uniq_psyche
D:9:      lemuel_crystal_altar, grunt_lair_entry_orc_guard_hut,
          hangedman_fish_farm
D:11:     orc_0_dummy, enter_bailey_2, uniq_harold
Temple:   regret_index_temple_generic_petals
Bailey:   bailey_axe_minmay_hex_keep, bailey

Skill      XL: |  1  2  3  4  5  6  7  8  9 10 11 |
---------------+----------------------------------+-----
Ice Magic      | 3 5 7 8 |  8.2
Spellcasting   | 3 4 5 7 8 |  8.2
Dodging        | 3 4 |  4.0
Fighting       | 2 3 |  3.0
Conjurations   | 6 8 |  8.4
Invocations    | 4 5 |  5.1
Stealth        | |  1.5

Action                   |  1- 3 |  4- 6 |  7- 9 | 10-12 || total
-------------------------+-------+-------+-------+-------++-------
Melee: Unarmed           |     8 |     1 |       |       ||     9
       Staff             |       |       |     2 |     6 ||     8
 Fire: Hunting sling     |       |   105 |   406 |       ||   511
 Cast: Freeze            |    54 |    36 |    65 |       ||   155
       Ozocubu's Armour  |     1 |       |       |       ||     1
       Summon Ice Beast  |       |     1 |     1 |     1 ||     3
       Throw Icicle      |       |       |     6 |   120 ||   126
       Blink             |       |       |       |     3 ||     3
Invok: Divine Energy     |       |       |     1 |       ||     1
  Use: Scroll            |       |     6 |     7 |     5 ||    18
Armor: Robe              |    12 |     5 |    42 |    15 ||    74
Dodge: Dodged            |    29 |    44 |   211 |    25 ||   309

Table legend:
 A = Spawn XP
 B = Non-spawn XP
 C = Spawn XP percentage of total XP
 D = Spawn monster count
 E = Non-spawn monster count
 F = Spawn count percentage of total count
 G = Total turns spent on level
                    A         B        C        D         E        F      G
               +---------+---------+-------+---------+---------+-------+---------
         Total |       0 |   11383 |   0.0 |       0 |     229 |   0.0 | 10555
               +---------+---------+-------+---------+---------+-------+---------
           D:1 |       0 |      52 |   0.0 |       0 |      21 |   0.0 |  1269
           D:2 |       0 |     106 |   0.0 |       0 |      23 |   0.0 |   880
           D:3 |       0 |     529 |   0.0 |       0 |      21 |   0.0 |   914
           D:4 |       0 |     459 |   0.0 |       0 |      15 |   0.0 |  1405
           D:5 |       0 |     909 |   0.0 |       0 |      15 |   0.0 |   503
           D:6 |       0 |     773 |   0.0 |       0 |      23 |   0.0 |   725
           D:7 |       0 |     840 |   0.0 |       0 |      19 |   0.0 |   903
           D:8 |       0 |    2250 |   0.0 |       0 |      25 |   0.0 |  1506
           D:9 |       0 |    3075 |   0.0 |       0 |      24 |   0.0 |   765
          D:10 |       0 |     541 |   0.0 |       0 |       7 |   0.0 |   373
          D:11 |       0 |     957 |   0.0 |       0 |       8 |   0.0 |   180
          D:12 |       0 |     379 |   0.0 |       0 |       1 |   0.0 |   366
        Bailey |       0 |     513 |   0.0 |       0 |      27 |   0.0 |   531
               +---------+---------+-------+---------+---------+-------+---------
